 Dungeon Crawl Stone Soup version 0.17.0-24-gcfadda4 (webtiles) character file.

86 M4edhros the Charlatan (level 4, 0/28 HPs)
             Began as an Octopode Artificer on Nov 16, 2015.
             Slain by a worm (7 damage)
             ... on level 3 of the Dungeon.
             The game lasted 00:02:16 (2796 turns).

M4edhros the Charlatan (Octopode Artificer)         Turns: 2796, Time: 00:02:16

Health: 0/28       AC:  1    Str: 10    XL:     4   Next: 49%
Magic:  7/7        EV: 12    Int: 14    God:
Gold:   117        SH:  0    Dex: 13    Spells: 0 memorised, 3 levels left

rFire  . . .     SeeInvis .     v - +1 dagger (speed)
rCold  . . .     Clarity  .     (no shield)
rNeg   . . .     SustAt   .     (helmet restricted)
rPois  .         Gourm    .     (no amulet)
rElec  .         Spirit   .     m - ring of wizardry
rCorr  .         Warding  .     (no ring)
rMut   .         Stasis   .     (no ring)
MR     .....                    (no ring)
Stlth  ++++......               (no ring)
                                (no ring)
                                (no ring)
                                (no ring)

@: not resistant to hostile enchantments, stealthy
A: almost no armour, amphibious, 8 rings, constrict 8, camouflage 1, gelatinous
body 1
a: no special abilities


You were on level 3 of the Dungeon.
You were very hungry.

You visited 1 branch of the dungeon, and saw 3 of its levels.

You collected 117 gold pieces.

Inventory:

Hand Weapons
 a - a +0 short sword
 n - a +0 hunting sling
 v - a +1 dagger of speed (weapon)
Missiles
 o - 12 exploding sling bullets
 p - 93 stones (quivered)
 u - 14 sling bullets
Jewellery
 m - a ring of wizardry (left tentacle)
Wands
 b - a wand of flame (15)
 c - a wand of enslavement (13)
 d - a wand of random effects (9)
Scrolls
 f - a scroll of noise {unknown}
 h - 2 scrolls of identify {unknown}
 j - a scroll of remove curse {unknown}
 k - a scroll of blinking {unknown}
 q - 2 scrolls of enchant armour {unknown}
 s - a scroll of magic mapping {unknown}
Potions
 g - 3 potions of curing {unknown}
 i - a potion of haste {unknown}
 l - a potion of degeneration {unknown}
Comestibles
 e - a bread ration
 r - 3 fruits
 t - 2 meat rations


   Skills:
 - Level 1.0 Fighting
 - Level 1.0 Short Blades
 + Level 1.2 Slings
 + Level 2.2 Dodging
 + Level 3.8 Stealth
 + Level 4.3 Evocations


You had 3 spell levels left.
You didn't know any spells.

Dungeon Overview and Level Annotations

Branches:
Dungeon (3/15)

Altars:


Innate Abilities, Weirdness & Mutations

You cannot wear most types of armour.
You are amphibious.
You can wear up to eight rings at the same time.
You can use your tentacles to constrict eight enemies at once.
Your skin changes colour to match your surroundings (Stealth).
Your rubbery body absorbs attacks (AC +1).


Message History

You kill the jackal!
The jackal bites you.
You hit the jackal. You grab the jackal.
The jackal is severely wounded.
You constrict the jackal.
You kill the jackal!
The worm bites you. The goblin closely misses you.
You see here a jackal corpse.
You hit the worm but do no damage. You grab the worm.
You constrict the worm, but do no damage.
You hit the worm.
The worm is lightly wounded.
You constrict the worm. The goblin closely misses you.
You release your grip on the worm.
You hit the worm. You grab the worm.
The worm is lightly wounded.
You constrict the worm. The goblin hits you with a dagger.
* * * LOW HITPOINT WARNING * * *
The worm bites you!
You die...

#.#......# #.########
##.## #...# #...#
#<..########
#####..%##......
##...........##
...........@g.# .#
##.....†....w.##...#.
#####...##.#†......#
#.............##
#.....######.#.#
#...... .. #.......
#. ...>....# ###..


You could see a worm and a goblin.

Vanquished Creatures
  3 adders (D:2)
  2 giant cockroaches
  7 hobgoblins
  10 jackals
  2 ball pythons
  8 bats
  2 giant geckos (D:1)
  6 giant newts
  5 goblins
  6 kobolds
  7 rats
58 creatures vanquished.

Notes
Turn   | Place    | Note
--------------------------------------------------------------
     0 | D:1      | M4edhros the Octopode Artificer began the quest for the Orb.
     0 | D:1      | Reached XP level 1. HP: 13/13 MP: 3/3
   130 | D:1      | Reached XP level 2. HP: 18/18 MP: 4/4
   992 | D:1      | Reached XP level 3. HP: 20/23 MP: 5/5
  1040 | D:1      | Reached skill level 4 in Evocations
  1867 | D:2      | Reached XP level 4. HP: 13/28 MP: 7/7
  2096 | D:2      | Reached skill level 1 in Slings
  2796 | D:3      | Slain by a worm

Action                   |  1- 3 |  4- 6 || total
-------------------------+-------+-------++-------
Melee: Short sword       |    79 |     1 ||    80
       Dagger            |       |    17 ||    17
 Fire: Hunting sling     |    18 |    27 ||    45
Evoke: Wand              |     6 |     2 ||     8
 Stab: Sleeping          |     9 |     3 ||    12
  Eat: Bread ration      |     1 |       ||     1
